 Dungeon Sprint DCSS version 0.22-a0-570-g58866f5 (webtiles) character file.

424 twistedcrescendo the Cleaver (level 6, -4/70 HPs)
             Began as a Minotaur Berserker on June 30, 2018.
             Was a Believer of Trog.
             Asphyxiated
             ... in the Dungeon (Sprint I: "Red Sonja").
             The game lasted 00:03:26 (406 turns).

twistedcrescendo the Cleaver (Minotaur Berserker)    Turns: 406, Time: 00:03:28

Health: -4/70      AC:  6    Str: 21    XL:     6   Next: 64%
Magic:  5/5        EV: 11    Int:  4    God:    Trog [**....]
Gold:   297        SH:  0    Dex: 12    Spells: 5/5 levels left

rFire    . . .     SeeInvis .   a - +0 hand axe
rCold    . . .     Gourm    .   (no shield)
rNeg     . . .     Faith    .   j - +0 scale mail
rPois    .         Spirit   .   (helmet restricted)
rElec    .         Reflect  .   (no cloak)
rCorr    .         Harm     .   (no gloves)
MR       .....     NoTele   +   (no boots)
Stlth    ..........             (no amulet)
HPRegen  0.21/turn              (no ring)
MPRegen  0.09/turn              (no ring)

@: lethally poisoned (-4 -> -35), slowed, very slow
A: retaliatory headbutt, horns 2
a: Berserk, Trog's Hand, Renounce Religion


You were in the Dungeon.
You worshipped Trog.
Trog was pleased with you.
You were not hungry.

You visited 1 branch You collected 297 gold pieces.

Inventory:

Hand Weapons
 a - a +0 hand axe (weapon)
Armour
 b - a +0 animal skin
 j - a +0 scale mail (worn)
Jewellery
 m - an uncursed ring of protection from magic {unknown}
Scrolls
 i - a scroll of blinking
 l - a scroll of remove curse {unknown}
Potions
 d - a potion of curing
 e - a potion of heal wounds
 f - a potion of haste
 g - 2 potions of magic
 h - a potion of berserk rage
 k - a potion of flight {unknown}
Comestibles
 c - a ration
 n - 3 chunks of flesh


   Skills:
 + Level 12.1 Fighting
 + Level 12.2 Axes
 - Level 3.2 Armour
 - Level 2.9 Dodging


You had 5 spell levels left.
You didn't know any spells.
Your spell library was empty.

Dungeon Overview and Level Annotations

Branches:
Dungeon (1/1)

Altars:
Cheibriados
Dithmenos
Elyvilon
Fedhas
Gozag
Hepliaklqana
Kikubaaqudgha
Nemelex Xobeh
Okawaru
Qazlal
Ru
Sif Muna
Trog
Uskayaw
Vehumet
Wu Jian
Yredelemnul
Zin
The Shining One

Shops:
D =

Annotations:
D Sonja


Innate Abilities, Weirdness & Mutations

You reflexively headbutt those who attack you in melee.
You have a pair of horns on your head.


Message History

Sonja mumbles some strange words.
Sonja blinks!
Sonja shoots a curare-tipped needle.
The curare-tipped needle hits you.
You are lethally poisoned!
You have difficulty breathing.
* * * LOW HITPOINT WARNING * * *
You feel as though you will be slow longer.
There is an open door, spattered with blood here.
Things that are here:
a curare-tipped needle; a yak skeleton Unknown command.
Unknown command.
* * * LOW HITPOINT WARNING * * *
You feel very sick.
Sonja shoots a curare-tipped needle.
The curare-tipped needle closely misses you.
Sonja shoots a curare-tipped needle.
The curare-tipped needle hits you.
You are more poisoned.
You have difficulty breathing.
You die...

################
#<.#..').#..'..#
#..)..#..').#..+
#..#####'#####'#
#..## #..#...#.#
#..#__####..##.#
#..#_____##'#_.+
#⌠⌠#_.∩...@..._#
####_..__##§.#+#
#_____ ##'#
###### .# .K K$#
.## +#


You could see Sonja.

Vanquished Creatures
  Sigmund (D)
  A yak (D)
  An ogre (D)
  A jelly (D)
  Ijyb (D)
5 creatures vanquished.

Notes
Turn   | Place    | Note
-------+----------+-------------------------------------------
     0 | D        | twistedcrescendo the Minotaur Berserker began the quest for the Orb.
     0 | D        | Reached XP level 1. HP: 19/19 MP: 0/0
     1 | D        | Noticed Ijyb
     7 | D        | Killed Ijyb
     7 | D        | Reached skill level 5 in Fighting
     7 | D        | Reached skill level 5 in Axes
     7 | D        | Reached XP level 2. HP: 29/29 MP: 1/1
    67 | D        | Noticed an ogre
    72 | D        | Killed an ogre
    72 | D        | Reached XP level 3. HP: 6/40 MP: 2/2
    72 | D        | Reached XP level 4. HP: 7/48 MP: 3/3
   329 | D        | Noticed Sigmund
   333 | D        | Killed Sigmund
   333 | D        | Reached ** piety under Trog
   333 | D        | Reached skill level 10 in Fighting
   333 | D        | Reached skill level 10 in Axes
   333 | D        | Reached XP level 5. HP: 59/59 MP: 4/4
   359 | D        | Found an ornate altar of the Wu Jian Council.
   359 | D        | Found a deep blue altar of Sif Muna.
   361 | D        | Found a radiant altar of Vehumet.
   362 | D        | Reached XP level 6. HP: 66/67 MP: 5/5
   381 | D        | Found Opuirr's Jewellery Emporium.
   381 | D        | Found an ancient bone altar of Kikubaaqudgha.
   381 | D        | Found a hazy altar of Hepliaklqana.
   381 | D        | Found a hide-covered altar of Uskayaw.
   381 | D        | Found a basalt altar of Yredelemnul.
   381 | D        | Found an opulent altar of Gozag.
   381 | D        | Found a snail-covered altar of Cheibriados.
   381 | D        | Found a sacrificial altar of Ru.
   381 | D        | Found a shadowy altar of Dithmenos.
   381 | D        | Noticed a yak
   396 | D        | Killed a yak
   397 | D        | Found a stormy altar of Qazlal.
   397 | D        | Found a blossoming altar of Fedhas.
   397 | D        | Found a bloodstained altar of Trog.
   397 | D        | Found an iron altar of Okawaru.
   397 | D        | Found a glowing golden altar of the Shining One.
   397 | D        | Found a glowing silver altar of Zin.
   397 | D        | Found a white marble altar of Elyvilon.
   401 | D        | Noticed Sonja
   404 | D        | Found a sparkling altar of Nemelex Xobeh.
   406 | D        | HP: 2/70 [poisoned by Sonja (curare-tipped needle)]
   406 | D        | Asphyxiated

Vault maps used:
D:        dungeon_sprint_1

Skill      XL: |  1  2  3  4  5  6 |
---------------+-------------------+-----
Fighting       | 5 8 10 12 | 12.1
Axes           | 5 8 10 11 12 | 12.2
Armour         | 3 |  3.2
Dodging        | |  2.9

Action                   |  1- 3 |  4- 6 || total
-------------------------+-------+-------++-------
Melee: Hand axe          |    10 |    18 ||    28
       Headbutt          |     1 |     3 ||     4
Invok: Berserk           |     1 |     1 ||     2
Armor: Scale mail        |       |     2 ||     2
Dodge: Dodged            |     3 |     4 ||     7

Table legend:
 A = Spawn XP
 B = Non-spawn XP
 C = Spawn XP percentage of total XP
 D = Spawn monster count
 E = Non-spawn monster count
 F = Spawn count percentage of total count
 G = Total turns spent on level
                    A         B        C        D         E        F      G
               +---------+---------+-------+---------+---------+-------+---------
         Total |       0 |     606 |   0.0 |       0 |       5 |   0.0 |   406
               +---------+---------+-------+---------+---------+-------+---------
             D |       0 |     606 |   0.0 |       0 |       5 |   0.0 |   406
               +---------+---------+-------+---------+---------+-------+---------
